 Dungeon Crawl Stone Soup version 0.19-a0-1007-g133f65f (webtiles) character file.

489 Implojin the Ruffian (level 6, -1/59 HPs)
             Began as a Troll Fighter on July 19, 2016.
             Was an Initiate of Cheibriados (penitent).
             Succumbed to a water moccasin's poison
             ... on level 8 of the Dungeon.
             The game lasted 00:05:50 (813 turns).

Implojin the Ruffian (Troll Fighter)                 Turns: 813, Time: 00:05:51

Health: -1/59      AC:  6    Str: 25    XL:     6   Next: 90%
Magic:  5/5        EV:  8    Int:  4    God:    Cheibriados [*]
Gold:   30         SH:  9    Dex: 11    Spells: 0 memorised, 5 levels left

rFire  . . .     SeeInvis .       - Unarmed
rCold  + . .     Gourm    +     p - +0 robe {rC+}
rNeg   . . .     Faith    .     b - +0 shield
rPois  .         Spirit   .     l - +1 hat
rElec  .         Dismiss  .     (no cloak)
rCorr  .         Reflect  .     (gloves unavailable)
SustAt .         Harm     .     (boots unavailable)
MR     +....                    (no amulet)
Stlth  +.........               (no ring)
                                k - ring of protection from magic

@: lethally poisoned (-1 -> -4), exhausted, very slow, somewhat resistant to
hostile enchantments, very unstealthy
A: unfitting armour, claws 3, fast metabolism 3, gourmand, regeneration 2,
shaggy fur 1, tough skin 2
a: Renounce Religion


You were on level 8 of the Dungeon.
You worshipped Cheibriados.
Cheibriados was demanding penance.
You were full.

You visited 1 branch of the dungeon, and saw 8 of its levels.

You collected 30 gold pieces.

Inventory:

Hand Weapons
 q - a +0 flail
Armour
 b - a +0 shield (worn)
 l - a +1 hat (worn)
 p - a +0 robe of cold resistance (worn)
Jewellery
 k - a ring of protection from magic (left claw)
Scrolls
 a - a scroll of amnesia {unknown}
 f - 3 scrolls of remove curse
 g - a scroll of noise {unknown}
 o - a scroll of teleportation {unknown}
Potions
 e - a potion of haste
Comestibles
 c - a meat ration
 d - 5 bread rations
 i - a beef jerky


   Skills:
 - Level 2.4 Fighting
 - Level 2.4 Dodging
 - Level 2.4 Shields
 * Level 7.5 Unarmed Combat


You had 5 spell levels left.
You didn't know any spells.

Dungeon Overview and Level Annotations

Branches:
Dungeon (8/15)
 Temple: D:4-7         Lair: D:8-11

Altars:
Cheibriados
Dithmenos
Kikubaaqudgha
Uskayaw
Xom
Lugonu

Portals:
Abyss: D:1

Annotations:
D:5 Eustachio


Innate Abilities, Weirdness & Mutations

You are too large for most types of armour.
You have claws for hands.
Your metabolism is lightning-fast.
You like to eat raw meat.
You heal very quickly.
You are covered in fur. (AC +1)
You have very tough skin. (AC +2)


Message History

The water moccasin poisons you!
Unknown command.
You barely miss the water moccasin.
The water moccasin is severely wounded.
You feel sick.
The water moccasin bites you but does no damage.
The water moccasin bites you.
* * * LOW HITPOINT WARNING * * *
You are lethally poisoned!
The water moccasin poisons you!
Unknown command.
You claw the water moccasin!
You kill the water moccasin!
Cheibriados appreciates the change of pace.
Your Unarmed Combat skill increases to level 7!
* * * LOW HITPOINT WARNING * * *
You feel sick.
You mangle the hound!!
You kill the hound!
Cheibriados appreciates the change of pace.
* * * LOW HITPOINT WARNING * * *
You feel sick.
* * * LOW HITPOINT WARNING * * *
You feel very sick.
You feel a strong urge to attack something.
You are no longer berserk.
You are exhausted.
You feel yourself slow down.
* * * LOW HITPOINT WARNING * * *
You feel sick.
* * * LOW HITPOINT WARNING * * *
You feel sick.
It was a potion of cancellation.
Your magical effects are unravelling.
You feel magically purged.
You feel yourself speed up.
* * * LOW HITPOINT WARNING * * *
You feel sick.
Unknown command.
You die...

###### .. #.... ...
..... ....
#.#.##########
.y..##.#....@....<#
..y.S..#.##########
#......#†# #...#
+...# #...# ..#.#
...#.# .......


There were no monsters in sight!

Vanquished Creatures
  A water moccasin (D:8)
  An ice beast (D:6)
  Blork the orc (D:6)
  2 killer bees (D:8)
  A hound (D:8)
  A giant frog skeleton (D:5)
  A worker ant (D:6)
  Robin (D:2)
  An adder skeleton (D:5)
  A worm (D:2)
  2 dart slugs
  An orc (D:6)
  A ball python (D:5)
  2 bats
  9 goblins
  5 hobgoblins (D:2)
  3 jackals (D:5)
  A kobold (D:2)
  7 giant newts
  A quokka zombie (D:5)
  3 rats
46 creatures vanquished.

Notes
Turn   | Place    | Note
-------+----------+-------------------------------------------
     0 | D:1      | Implojin the Troll Fighter began the quest for the Orb.
     0 | D:1      | Reached XP level 1. HP: 22/22 MP: 0/0
    76 | D:1      | Found a corrupted altar of Lugonu.
    76 | D:1      | Found a one-way gate to the infinite horrors of the Abyss.
    76 | D:1      | Noticed an iron imp
    76 | D:1      | Noticed a quasit
    76 | D:1      | Noticed an iron imp
    76 | D:1      | Noticed a quasit
    76 | D:1      | Noticed an iron imp
    76 | D:1      | Noticed an iron imp
    79 | D:1      | Noticed a quasit
    80 | D:1      | Noticed an iron imp
   139 | D:2      | Noticed Robin
   147 | D:2      | Reached XP level 2. HP: 29/29 MP: 1/1
   158 | D:2      | Reached skill level 3 in Unarmed Combat
   171 | D:2      | Killed Robin
   178 | D:2      | Reached XP level 3. HP: 6/36 MP: 2/2
   478 | D:5      | Entered Level 5 of the Dungeon
   490 | D:6      | Reached skill level 4 in Unarmed Combat
   490 | D:6      | Reached XP level 4. HP: 43/44 MP: 3/3
   525 | D:5      | Found a snail-covered altar of Cheibriados.
   527 | D:5      | Found an ancient bone altar of Kikubaaqudgha.
   527 | D:5      | Found a hide-covered altar of Uskayaw.
   527 | D:5      | Found a shimmering altar of Xom.
   528 | D:5      | Found a shadowy altar of Dithmenos.
   534 | D:5      | Became a worshipper of Cheibriados the Contemplative
   579 | D:6      | Noticed a phantom
   579 | D:6      | Noticed an ice beast
   591 | D:6      | Killed an ice beast
   591 | D:6      | Reached skill level 5 in Unarmed Combat
   591 | D:6      | Reached XP level 5. HP: 15/50 MP: 4/4
   621 | D:6      | HP: 1/50 [phantom (6)]
   704 | D:5      | Noticed Eustachio
   713 | D:6      | Noticed Blork the orc
   725 | D:6      | Killed Blork the orc
   725 | D:6      | Reached skill level 6 in Unarmed Combat
   725 | D:6      | Reached XP level 6. HP: 37/59 MP: 5/5
   784 | D:8      | Noticed a water moccasin
   801 | D:8      | Was placed under penance by Cheibriados
   807 | D:8      | Killed a water moccasin
   807 | D:8      | Reached skill level 7 in Unarmed Combat
   811 | D:8      | HP: 2/59 [poisoned by a water moccasin]
   813 | D:8      | Succumbed to a water moccasin's poison

Vault maps used:
D:1:      erik_arrival_cave_to_civilisation, minmay_tromino_i4
D:2:      led_sif_pool, minmay_newt_pond, uniq_robin
D:3:      first_bread
D:4:      lemuel_doored_altar, minmay_item_behind_shaft, lemuel_angel_altar
D:5:      grunt_temple_overflow_open, okawaru_ov_weapons_minmay, uniq_pikel,
          uniq_eustachio, uniq_edmund
D:6:      kennysheep_generic_room_4, uniq_blork_the_orc
D:7:      basic_altar, serial_shops, shop
D:8:      serial_shops, shop, kennysheep_mini_moat, shop, shop, shop,
          special_room

Skill      XL: |  1  2  3  4  5  6 |
---------------+-------------------+-----
Unarmed Combat | 3 4 5 6 7 |  7.5
Fighting       | |  2.4
Dodging        | |  2.4
Shields        | |  2.4

Action                   |  1- 3 |  4- 6 || total
-------------------------+-------+-------++-------
Melee: Unarmed           |    90 |    63 ||   153
  Use: Potion            |     1 |     4 ||     5
       Scroll            |       |     3 ||     3
 Stab: Sleeping          |     1 |       ||     1
  Eat: Chunk             |    10 |     2 ||    12
Armor: Robe              |    18 |    11 ||    29
Dodge: Dodged            |    31 |    22 ||    53
Block: Shield            |    40 |    28 ||    68

Table legend:
 A = Turns spent in this place as a percentage of turns spent in the entire game.
 B = Non-inter-level travel turns spent in this place as a percentage of non-inter-level travel turns spent in the entire game.
 C = Inter-level travel turns spent in this place as a percentage of turns spent in this place.
 D = Turns resting spent in this place as a percentage of non-inter-level travel turns spent in this place.
 E = Turns spent auto-exploring this place as a percentage of non-inter-level travel turns spent in this place.
 F = Non-inter-level travel turns spent in this place divided by the number of levels of this place that you've seen.
                   A       B       C       D       E      F
               +-------+-------+-------+-------+-------+----------------------
         Total | 100.0 | 100.0 |   0.0 |   0.5 |   0.0 | 101.1
       Dungeon | 100.0 | 100.0 |   0.0 |   0.5 |   0.0 | 101.1
               +-------+-------+-------+-------+-------+----------------------

Table legend:
 A = Kills in this place as a percentage of kills in entire the game.
 B = Kills by you in this place as a percentage of kills by you in the entire game.
 C = Kills by friends in this place as a percentage of kills by friends in the entire game.
 D = Other kills in this place as a percentage of other kills in the entire game.
 E = Experience gained in this place as a percentage of experience gained in the entire game.
 F = Experience gained in this place divided by the number of levels of this place that you have seen.
                   A       B       C       D       E      F
               +-------+-------+-------+-------+-------+----------------------
         Total | 100.0 | 100.0 |  -nan |  -nan | 100.0 |  87.4
       Dungeon | 100.0 | 100.0 |  -nan |  -nan | 100.0 |  87.4
               +-------+-------+-------+-------+-------+----------------------
